 Dungeon Crawl Stone Soup version 0.22-a0-558-gc224181 (webtiles) character file.

301 Hebeh the Chopper (level 6, -3/55 HPs)
             Began as a Minotaur Fighter on June 27, 2018.
             Slain by a mummy (14 damage)
             ... in an ossuary.
             The game lasted 00:07:32 (3205 turns).

Hebeh the Chopper (Minotaur Fighter)                Turns: 3205, Time: 00:07:32

Health: -3/55      AC: 16    Str: 22    XL:     6   Next: 14%
Magic:  5/5        EV:  7    Int:  5    God:
Gold:   119        SH: 10    Dex: 10    Spells: 5/5 levels left

rFire    . . .     SeeInvis .   o - +1 flail (protect)
rCold    . . .     Gourm    .   c - +0 shield
rNeg     . . .     Faith    .   b - +0 scale mail
rPois    .         Spirit   .   g - +2 hat
rElec    .         Reflect  .   (no cloak)
rCorr    .         Harm     .   (no gloves)
MR       .....                  (no boots)
Stlth    ..........             (no amulet)
HPRegen  0.18/turn              (no ring)
MPRegen  0.09/turn              (no ring)

@: protection aura
A: retaliatory headbutt, horns 2
a: no special abilities


You were in an ossuary.
You were not hungry.

You visited 1 branch of the dungeon, and saw 4 of its levels.
You also visited: Ossuary.

You collected 119 gold pieces.

Inventory:

Hand Weapons
 a - a +0 war axe
 o - a +1 flail of protection (weapon)
Armour
 b - a +0 scale mail (worn)
 c - a +0 shield (worn)
 g - a +2 hat (worn)
Jewellery
 h - an uncursed ring of poison resistance {unknown}
 m - an uncursed ring of poison resistance {unknown}
 q - an uncursed amulet of magic regeneration {unknown}
 r - an uncursed amulet of magic regeneration {unknown}
Wands
 s - a wand of iceblast (17)
Scrolls
 e - 2 scrolls of remove curse {unknown}
 i - 8 scrolls of identify {unknown}
 n - 3 scrolls of amnesia {unknown}
 u - a scroll of teleportation {unknown}
Potions
 d - a potion of might
 j - a potion of heal wounds {unknown}
 k - 2 potions of flight {unknown}
 l - a potion of curing {unknown}
 p - 2 potions of agility {unknown}
 t - 2 potions of cancellation {unknown}
Comestibles
 f - 3 rations
 v - 5 chunks of flesh


   Skills:
 + Level 4.9 Fighting
 * Level 5.3 Axes
 + Level 4.8 Armour
 + Level 4.9 Shields


You had 5 spell levels left.
You didn't know any spells.
Your spell library was empty.

Dungeon Overview and Level Annotations

Branches:
Dungeon (4/15)
 Temple: D:4-7

Altars:
Qazlal
Sif Muna
The Shining One


Innate Abilities, Weirdness & Mutations

You reflexively headbutt those who attack you in melee.
You have a pair of horns on your head.


Message History

You completely miss the mummy. You hit the mummy but do no damage.
You headbutt the mummy, but do no damage.
The mummy hits you!
You hit the mummy. Your headbutt misses the mummy.
The mummy is lightly damaged.
The mummy hits you but does no damage.
You sock the mummy!
The mummy is severely damaged.
The mummy hits you but does no damage.
A mummy comes into view.
You hit the mummy. You headbutt the mummy.
The mummy is moderately damaged.
You block the mummy's attack.
You hit the mummy.
The mummy is severely damaged.
The mummy hits you!
* * * LOW HITPOINT WARNING * * *
The mummy hits you!
You die...

##### #..∩#
#.∩.# #M@M#
###.##M##'##+#
#.'...M......M
###+#'#'#+#+#'
#. .# ## ##


You could see 4 mummies.

Vanquished Creatures
  A howler monkey (D:2)
  An orc wizard (D:4)
  3 mummies (Ossuary)
  10 gnolls
  2 adders (D:2)
  3 worms
  A dart slug (D:1)
  A leopard gecko (D:1)
  7 orcs
  A ball python (D:3)
  5 giant cockroaches
  7 goblins
  5 hobgoblins
  6 jackals
  6 kobolds
  4 bats
  5 frilled lizards
  10 rats
78 creatures vanquished.

Vanquished Creatures (others)
  A withered plant (Ossuary)
1 creature vanquished.

Grand Total: 79 creatures vanquished

Notes
Turn   | Place    | Note
-------+----------+-------------------------------------------
     0 | D:1      | Hebeh the Minotaur Fighter began the quest for the Orb.
     0 | D:1      | Reached XP level 1. HP: 19/19 MP: 0/0
    89 | D:1      | Reached XP level 2. HP: 27/27 MP: 1/1
   107 | D:1      | Reached skill level 3 in Axes
   552 | D:1      | Reached XP level 3. HP: 33/33 MP: 2/2
   629 | D:2      | Reached XP level 4. HP: 10/40 MP: 3/3
   955 | D:2      | Found a deep blue altar of Sif Muna.
  1012 | D:2      | Reached skill level 4 in Axes
  1476 | D:2      | Reached XP level 5. HP: 47/47 MP: 4/4
  2404 | D:3      | Found a glowing golden altar of the Shining One.
  2418 | D:3      | Reached skill level 5 in Axes
  2623 | D:3      | Found a stormy altar of Qazlal.
  3113 | D:4      | Found a sand-covered staircase.
  3184 | Ossuary  | Entered an ossuary
  3190 | Ossuary  | Reached XP level 6. HP: 41/55 MP: 5/5
  3205 | Ossuary  | Slain by a mummy

Vault maps used:
D:1:      dpeg_arrival_renting
D:2:      old_standard_altar
D:3:      grunt_qazlal_clouds, overflow_temple_1_default, first_ration,
          serial_curves, eino_curves_01, eino_curves_04
D:4:      cheibriados_altar_1, nicolae_ossuary_entry_false_entrances
Ossuary:  ossuary_zaba_flooded

Skill      XL: |  1  2  3  4  5 |
---------------+----------------+-----
Axes           | 3 4 5 |  5.3
Armour         | 4 |  4.8
Fighting       | 4 |  4.9
Shields        | 4 |  4.9

Action                   |  1- 3 |  4- 6 || total
-------------------------+-------+-------++-------
Melee: War axe           |    51 |    59 ||   110
       Headbutt          |     7 |    18 ||    25
       Flail             |       |    76 ||    76
  Eat: Chunk             |       |     7 ||     7
Armor: Scale mail        |    27 |    51 ||    78
Dodge: Dodged            |    17 |    36 ||    53
Block: Shield            |    29 |    72 ||   101

Table legend:
 A = Spawn XP
 B = Non-spawn XP
 C = Spawn XP percentage of total XP
 D = Spawn monster count
 E = Non-spawn monster count
 F = Spawn count percentage of total count
 G = Total turns spent on level
                    A         B        C        D         E        F      G
               +---------+---------+-------+---------+---------+-------+---------
         Total |       0 |     431 |   0.0 |       0 |      78 |   0.0 |  3205
               +---------+---------+-------+---------+---------+-------+---------
           D:1 |       0 |      41 |   0.0 |       0 |      24 |   0.0 |   612
           D:2 |       0 |     164 |   0.0 |       0 |      23 |   0.0 |  1166
           D:3 |       0 |     125 |   0.0 |       0 |      24 |   0.0 |  1237
           D:4 |       0 |      49 |   0.0 |       0 |       4 |   0.0 |   169
       Ossuary |       0 |      52 |   0.0 |       0 |       3 |   0.0 |    21
               +---------+---------+-------+---------+---------+-------+---------
